 Dungeon Crawl Stone Soup version 0.21.1-1-g345015f (webtiles) character file.

1891 IQ20mummyspammer the Cleaver (level 8, -3/58 HPs)
             Began as a Mummy Berserker on Mar 8, 2018.
             Was an Elder of Trog.
             Slain by a white ugly thing (14 damage)
             ... on level 7 of the Dungeon.
             The game lasted 00:07:15 (5410 turns).

IQ20mummyspammer the Cleaver (Mummy Berserker)      Turns: 5410, Time: 00:07:15

Health: -3/58      AC: 13    Str: 22    XL:     8   Next: 93%
Magic:  8/8        EV: 10    Int:  6    God:    Trog [****..]
Gold:   306        SH:  3    Dex: 12    Spells: 7/7 levels left

rFire    x . .     SeeInvis .   g - +1 war axe (flame)
rCold    + . .     Gourm    .   h - +0 buckler
rNeg     + + +     Faith    .   c - +0 scale mail
rPois    ∞         Spirit   .   l - +0 helmet
rElec    .         Reflect  .   o - +2 cloak
rCorr    .         Harm     .   r - +0 pair of gloves
MR       +....                  e - +1 pair of boots
Stlth    ..........             (no amulet)
HPRegen  0.19/turn              d - +1 ring of evasion
MPRegen  0.11/turn              (no ring)

@: about to teleport
A: no food or potions, fire vulnerability, cold resistance 1, negative energy
resistance 3, torment resistance, unbreathing
a: Trog's Hand, Brothers in Arms, Burn Spellbooks, Renounce Religion


You were on level 7 of the Dungeon.
You worshipped Trog.
Trog was greatly pleased with you.
You were not hungry.

You visited 1 branch of the dungeon, and saw 7 of its levels.

You collected 306 gold pieces.

Inventory:

Hand Weapons
 a - a +0 hand axe
 g - a +1 war axe of flaming (weapon)
 m - a +0 blowgun
 p - a +2 war axe of flaming
Missiles
 n - 19 poisoned needles
Armour
 b - a +0 animal skin
 c - a +0 scale mail (worn)
 e - a +1 pair of boots (worn)
 h - a +0 buckler (worn)
 l - a +0 helmet (worn)
 o - a +2 cloak (worn)
 r - a +0 pair of gloves (worn)
Magical Staves
 i - an uncursed staff of poison {unknown}
Jewellery
 d - a +1 ring of evasion (left hand)
Scrolls
 f - 7 scrolls of remove curse
 j - 5 scrolls of teleportation
 k - 3 scrolls of enchant armour
Books
 q - a book of Misfortune

   Spells                             Type                      Level
   a - Confusing Touch                Hexes                        1
   b - Confuse                        Hexes                        3
   c - Gell's Gravitas                Translocation                3
   d - Petrify                        Transmutation/Earth          4
   e - Metabolic Englaciation         Hexes/Ice                    5
   f - Yara's Violent Unravelling     Hexes/Transmutation          5
   Trog disapproves of the use of such an item.


   Skills:
 - Level 3.0 Fighting
 + Level 10.0 Axes
 - Level 1.5 Armour
 - Level 1.5 Dodging


You had 7 spell levels left.
You didn't know any spells.

Dungeon Overview and Level Annotations

Branches:
Dungeon (7/15)             Temple (0/1) D:6

Altars:

Annotations:
D:1 exclusion: downstairs


Innate Abilities, Weirdness & Mutations

You do not eat or drink.
Your flesh is vulnerable to fire.
You are immune to poison.
Your flesh is cold resistant. (rC+)
You are immune to negative energy. (rN+++)
You are immune to unholy pain and torment.
You can survive without breathing.


Message History

The white ugly thing closely misses you.
You slash the white ugly thing! You burn the white ugly thing.
The white ugly thing is heavily wounded.
The white ugly thing claws you. The white ugly thing freezes you! You resist.
You barely miss the white ugly thing.
The white ugly thing is heavily wounded.
The white ugly thing closely misses you.
You closely miss the white ugly thing.
The white ugly thing is heavily wounded.
The white ugly thing claws you! The white ugly thing freezes you! You resist.
You are too injured to fight recklessly!
The white ugly thing claws you. The white ugly thing freezes you. You resist.
* * * LOW HITPOINT WARNING * * *
There is a stone staircase leading up here.
Okay, then.
As you read the scroll of teleportation, it crumbles to dust.
You feel strangely unstable. The white ugly thing claws you.
* * * LOW HITPOINT WARNING * * *
The white ugly thing freezes you! You resist.
You die...

######
.....######## #
#........# #.
#..u@.#
#.###..##.......
#....o.#####.#.#
###.##.......#
#####.##########
#.....# #.#####
#.### #(..#


You could see a white ugly thing and an orc.

Vanquished Creatures
  Grinder (D:3)
  A hippogriff (D:4)
  2 sky beasts (D:5)
  2 ogres
  A phantom (D:5)
  2 centaurs (D:5)
  Blork the orc (D:5)
  3 scorpions
  2 crimson imps (D:6)
  A bullfrog skeleton (D:5)
  2 hounds (D:5)
  An orc wizard (D:6)
  Jessica (D:3)
  An iguana (D:4)
  Terence (D:2)
  5 worker ants
  A worker ant zombie (D:5)
  Robin (D:3)
  A howler monkey skeleton (D:4)
  10 adders
  3 gnolls
  2 shadow imps
  3 oozes
  An adder zombie (D:5)
  2 worms
  4 dart slugs
  3 leopard geckos
  15 orcs
  6 giant cockroaches
  10 hobgoblins
  13 jackals
  2 quokkas (D:4)
  2 ball pythons
  9 bats
  3 frilled lizards
  18 goblins
  A jackal zombie (D:5)
  8 kobolds
  10 rats
155 creatures vanquished.

Notes
Turn   | Place    | Note
-------+----------+-------------------------------------------
     0 | D:1      | IQ20mummyspammer the Mummy Berserker began the quest for the Orb.
     0 | D:1      | Reached XP level 1. HP: 18/18 MP: 1/1
   202 | D:1      | Reached XP level 2. HP: 17/24 MP: 2/2
   207 | D:1      | Reached skill level 3 in Axes
  1163 | D:1      | Reached XP level 3. HP: 11/29 MP: 3/3
  1536 | D:2      | Reached ** piety under Trog
  1775 | D:2      | Reached skill level 4 in Axes
  1799 | D:2      | Noticed Terence
  1814 | D:1      | Reached XP level 4. HP: 27/35 MP: 4/4
  2699 | D:2      | Killed Terence
  2970 | D:3      | Reached XP level 5. HP: 36/41 MP: 5/5
  3026 | D:3      | Noticed Grinder
  3033 | D:3      | Killed Grinder
  3033 | D:3      | Reached skill level 5 in Axes
  3033 | D:3      | Reached XP level 6. HP: 39/47 MP: 6/6
  3098 | D:3      | Noticed Robin
  3123 | D:3      | Reached skill level 6 in Axes
  3126 | D:3      | Killed Robin
  3138 | D:3      | Reached *** piety under Trog
  3374 | D:3      | Noticed Jessica
  3377 | D:3      | Killed Jessica
  3704 | D:4      | Noticed a hippogriff
  3715 | D:4      | Killed a hippogriff
  3715 | D:4      | Reached skill level 7 in Axes
  3715 | D:4      | Reached XP level 7. HP: 35/52 MP: 7/7
  3815 | D:4      | Reached **** piety under Trog
  4152 | D:5      | Entered Level 5 of the Dungeon
  4184 | D:5      | Reached skill level 8 in Axes
  4239 | D:5      | Reached XP level 8. HP: 53/58 MP: 8/8
  4439 | D:5      | Reached skill level 9 in Axes
  4483 | D:5      | Noticed Blork the orc
  4501 | D:5      | Killed Blork the orc
  5179 | D:6      | Found a staircase to the Ecumenical Temple.
  5222 | D:6      | Reached skill level 10 in Axes
  5389 | D:7      | Noticed a white ugly thing
  5410 | D:7      | Slain by a white ugly thing

Skill      XL: |  1  2  3  4  5  6  7  8 |
---------------+-------------------------+-----
Axes           | 3 4 5 7 8 10 | 10.0
Fighting       | |  3.0
Armour         | |  1.5
Dodging        | |  1.5

Action                   |  1- 3 |  4- 6 |  7- 9 || total
-------------------------+-------+-------+-------++-------
Melee: Hand axe          |    95 |    35 |       ||   130
       War axe           |       |   180 |   182 ||   362
  Use: Scroll            |     1 |     5 |     1 ||     7
Armor: Scale mail        |    51 |   102 |    71 ||   224
       Animal skin       |     1 |       |       ||     1
Dodge: Dodged            |    47 |   151 |    83 ||   281
Block: Buckler           |       |       |    23 ||    23
